EVO
PENNSYLVANIA STATE UNIVERSITY NITTANY LIONS @ WASHINGTON STATE UNIVERSITY COUGARS
07/05/2049
 
TOP OF THE 1ST
Pennsylvania State University Nittany Lions batting - Pitching for Washington State University Cougars : RHP Briruc Fenuku
Pitching: RHP Briruc Fenuku
Batting: RHB Francisco Velazquez 0-0: Ball
1-0: Ball
2-0: Ball
3-0: Called Strike
3-1: Ground out 4-3 (Groundball, 4, EV 91.2 MPH)
Batting: RHB Perry Brantley 0-0: Called Strike
0-1: Ball
1-1: Ball
2-1: Foul Ball, location: 2F
2-2: Ball
3-2: Base on Balls
Batting: RHB Josh Ebeling 0-0: Called Strike
0-1: Grounds into double play, 5-4-3 (Groundball, 5, EV 83.8 MPH)
Top of the 1st over - 0 runs, 0 hits, 0 errors, 0 left on base; Pennsylvania State University 0 - Washington State University 0
BOTTOM OF THE 1ST
Washington State University Cougars batting - Pitching for Pennsylvania State University Nittany Lions : RHP Ryan Crawford
Pitching: RHP Ryan Crawford
Batting: LHB David Jackson 0-0: Ball
1-0: Fly out, F7 (Flyball, 7, EV 81.9 MPH)
Batting: RHB Mas Langat 0-0: Ball
1-0: Foul Ball, location: 2F
1-1: Foul Ball, location: 2F
1-2: DOUBLE (Flyball, 9LD, EV 106.9 MPH)
Batting: LHB Scott Spillers 0-0: Called Strike
0-1: DOUBLE (Groundball, 5L, EV 102.5 MPH)
Mas Langat scores
Batting: RHB Wil Gonzales 0-0: Called Strike
0-1: Foul Ball, location: 2F
0-2: Ball
1-2: Ball
2-2: Foul Ball, location: 2F
2-2: SINGLE (Line Drive, 6D, EV 100.0 MPH)
Scott Spillers to third
Batting: LHB Rex Creswell 0-0: Called Strike
0-1: SINGLE (Groundball, 34D, EV 98.8 MPH)
Scott Spillers scores
Wil Gonzales to second
Runner from 2nd tries for 3rd, SAFE, no throw by RF
Batting: RHB Ron Essink 0-0: Ball
1-0: Foul Ball, location: 2F
1-1: Swinging Strike
1-2: Ball
2-2: Foul Ball, location: 2F
2-2: SINGLE (Groundball, 34S, EV 70.0 MPH) (infield hit)
Rex Creswell to second
Batting: RHB Dave DeLaMater 0-0: Called Strike
0-1: Swinging Strike
0-2: Strikes out swinging
Batting: RHB Briruc Fenuku 0-0: Ball
1-0: Foul Ball, location: 2F
1-1: Ball
2-1: Ball
3-1: Foul Ball, location: 2F
3-2: Strikes out swinging
Bottom of the 1st over - 2 runs, 5 hits, 0 errors, 3 left on base; Pennsylvania State University 0 - Washington State University 2
TOP OF THE 2ND
Pennsylvania State University Nittany Lions batting - Pitching for Washington State University Cougars : RHP Briruc Fenuku
Batting: RHB Joe Strachan 0-0: Ball
1-0: Ground out 5-3 (Groundball, 56S, EV 84.4 MPH)
Batting: RHB Victor Victorino 0-0: Ground out 6-3 (Groundball, 6S, EV 84.4 MPH)
Batting: RHB Guy Jock 0-0: DOUBLE (Line Drive, 9LS, EV 111.2 MPH)
Batting: RHB James Steinmetz 0-0: Called Strike
0-1: Called Strike
0-2: Foul Ball, location: 2F
0-2: Strikes out swinging
Top of the 2nd over - 0 runs, 1 hit, 0 errors, 1 left on base; Pennsylvania State University 0 - Washington State University 2
BOTTOM OF THE 2ND
Washington State University Cougars batting - Pitching for Pennsylvania State University Nittany Lions : RHP Ryan Crawford
Batting: LHB Tony Brea 0-0: Ball
1-0: Swinging Strike
1-1: Ball
2-1: Called Strike
2-2: Ball
3-2: Strikes out looking
Batting: LHB David Jackson 0-0: Ball
1-0: Called Strike
1-1: Foul Ball, location: 2F
1-2: Strikes out swinging
Batting: RHB Mas Langat 0-0: Called Strike
0-1: Foul Ball, location: 2F
0-2: Ball
1-2: Ball
2-2: Ground out 5-3 (Groundball, 56, EV 91.9 MPH)
Bottom of the 2nd over - 0 runs, 0 hits, 0 errors, 0 left on base; Pennsylvania State University 0 - Washington State University 2
TOP OF THE 3RD
Pennsylvania State University Nittany Lions batting - Pitching for Washington State University Cougars : RHP Briruc Fenuku
Batting: SHB Antonio Moreno 0-0: Ball
1-0: Called Strike
1-1: DOUBLE (Line Drive, 78D, EV 105.6 MPH)
Batting: RHB Neal Fleury 0-0: Called Strike
0-1: Fly out, F7 (Flyball, 78S, EV 81.9 MPH)
Batting: RHB Francisco Velazquez 0-0: Called Strike
0-1: Ball
1-1: Ball
2-1: Ball
3-1: Fly out, F8 (Flyball, 8RXD, EV 100.6 MPH)
Runner from 2nd tags up, SAFE at 3rd, no throw by CF
Batting: RHB Perry Brantley 0-0: Called Strike
0-1: Ground out 6-3 (Groundball, 56, EV 86.2 MPH)
Top of the 3rd over - 0 runs, 1 hit, 0 errors, 1 left on base; Pennsylvania State University 0 - Washington State University 2
BOTTOM OF THE 3RD
Washington State University Cougars batting - Pitching for Pennsylvania State University Nittany Lions : RHP Ryan Crawford
Batting: LHB Scott Spillers 0-0: Ball
1-0: Foul Ball, location: 2F
1-1: SOLO HOME RUN (Flyball, 9LD, EV 95.0 MPH), Distance : 356 ft
Batting: RHB Wil Gonzales 0-0: Called Strike
0-1: Ball
1-1: Called Strike
1-2: Ground out 6-3 (Groundball, 6, EV 93.8 MPH)
Batting: LHB Rex Creswell 0-0: Ball
1-0: Called Strike
1-1: Ball
2-1: Fly out, F8 (Flyball, 78D, EV 108.1 MPH)
Batting: RHB Ron Essink 0-0: Ball
1-0: Fly out, F4 (Popup, 4S, EV 71.9 MPH)
Bottom of the 3rd over - 1 run, 1 hit, 0 errors, 0 left on base; Pennsylvania State University 0 - Washington State University 3
TOP OF THE 4TH
Pennsylvania State University Nittany Lions batting - Pitching for Washington State University Cougars : RHP Briruc Fenuku
Batting: RHB Josh Ebeling 0-0: Called Strike
0-1: Swinging Strike
0-2: Foul Ball, location: 2F
0-2: Fly out, F6 (Line Drive, 6M, EV 66.2 MPH)
Batting: RHB Joe Strachan 0-0: Ball
1-0: Ball
2-0: Foul Ball, location: 2F
2-1: Foul Ball, location: 2F
2-2: Foul Ball, location: 2F
2-2: Strikes out looking
Batting: RHB Victor Victorino 0-0: Called Strike
0-1: DOUBLE (Groundball, 5L, EV 104.4 MPH)
Batting: RHB Guy Jock 0-0: Called Strike
0-1: Ground out 6-3 (Groundball, 6, EV 108.8 MPH)
Top of the 4th over - 0 runs, 1 hit, 0 errors, 1 left on base; Pennsylvania State University 0 - Washington State University 3
BOTTOM OF THE 4TH
Washington State University Cougars batting - Pitching for Pennsylvania State University Nittany Lions : RHP Ryan Crawford
Pitching: LHP Chih Li
Batting: RHB Dave DeLaMater 0-0: Ball
1-0: Ground out 6-3 (Groundball, 6, EV 89.4 MPH)
Batting: RHB Briruc Fenuku 0-0: Ball
1-0: Foul Ball, location: 2F
1-1: Swinging Strike
1-2: Foul Ball, location: 2F
1-2: Ball
2-2: Ground out 4-3 (Groundball, 4, EV 103.1 MPH)
Batting: LHB Tony Brea 0-0: Ball
1-0: Foul Ball, location: 2F
1-1: Swinging Strike
1-2: Ball
2-2: Strikes out swinging
Bottom of the 4th over - 0 runs, 0 hits, 0 errors, 0 left on base; Pennsylvania State University 0 - Washington State University 3
TOP OF THE 5TH
Pennsylvania State University Nittany Lions batting - Pitching for Washington State University Cougars : RHP Briruc Fenuku
Now at C: Joe Weber
Now at 2B: Rafael Collyer
Now at 3B: Bob Jeffreys
Now in RF: Miguel Paredes
Batting: RHB James Steinmetz 0-0: Ball
1-0: Ground out 6-3 (Groundball, 6, EV 103.8 MPH)
Batting: SHB Antonio Moreno 0-0: Called Strike
0-1: Foul Ball, location: 2F
0-2: Foul Ball, location: 2F
0-2: Strikes out looking
Batting: RHB Neal Fleury 0-0: Ground out 6-3 (Groundball, 56, EV 84.4 MPH)
Top of the 5th over - 0 runs, 0 hits, 0 errors, 0 left on base; Pennsylvania State University 0 - Washington State University 3
BOTTOM OF THE 5TH
Washington State University Cougars batting - Pitching for Pennsylvania State University Nittany Lions : LHP Chih Li
Pinch Hitting: RHB Ryan Toth 0-0: Called Strike
0-1: Ball
1-1: Ball
2-1: Swinging Strike
2-2: SINGLE (Line Drive, 8RS, EV 91.2 MPH)
Batting: RHB Mas Langat 0-0: Called Strike
0-1: Ball
1-1: Ball
2-1: Ball
3-1: Called Strike
3-2: Strikes out swinging
Batting: RHB Rafael Collyer 0-0: Ball
1-0: Fly out, F8 (Flyball, 89M, EV 82.5 MPH)
Batting: RHB Wil Gonzales 0-0: Ball
1-0: Ball
2-0: Foul Ball, location: 2F
2-1: Ball
3-1: Ground out 5-3 (Groundball, 56S, EV 90.6 MPH)
Bottom of the 5th over - 0 runs, 1 hit, 0 errors, 1 left on base; Pennsylvania State University 0 - Washington State University 3
TOP OF THE 6TH
Pennsylvania State University Nittany Lions batting - Pitching for Washington State University Cougars : RHP Briruc Fenuku
Now in LF: Ryan Toth
Batting: RHB Pete Martin 0-0: Ball
1-0: Ball
2-0: Called Strike
2-1: Foul Ball, location: 2F
2-2: Foul Ball, location: 2F
2-2: Foul Ball, location: 2F
2-2: Hit by Pitch
Pinch Hitting: LHB Ricky Lanzo 0-0: Called Strike
0-1: Ball
1-1: Foul Ball, location: 2F
1-2: Strikes out looking
Pinch Hitting: RHB Kevin Claus 0-0: Ball
1-0: Foul Ball, location: 2F
1-1: Ball
2-1: Fly out, F7 (Line Drive, 78D, EV 91.9 MPH)
Pinch Hitting: RHB Jesse Bandt 0-0: Ball
1-0: Ball
2-0: Called Strike
2-1: Fly out, F5 (Line Drive, 5, EV 66.9 MPH)
Top of the 6th over - 0 runs, 0 hits, 0 errors, 1 left on base; Pennsylvania State University 0 - Washington State University 3
BOTTOM OF THE 6TH
Washington State University Cougars batting - Pitching for Pennsylvania State University Nittany Lions : LHP Chih Li
Pitching: RHP Tom Palmer
Now at C: Mark Rose
Now at 1B: Kevin Claus
Now at 2B: Jesse Bandt
Now in LF: Ricky Lanzo
Batting: RHB Miguel Paredes 0-0: Ball
1-0: Called Strike
1-1: Ball
2-1: Foul Ball, location: 2F
2-2: Ball
3-2: Fly out, F8 (Line Drive, 8RD, EV 99.4 MPH)
Batting: RHB Joe Weber 0-0: Ball
1-0: Swinging Strike
1-1: Ball
2-1: Ground out 2-3 (Groundball, 15S, EV 70.0 MPH)
Batting: SHB Bob Jeffreys 0-0: Called Strike
0-1: Foul Ball, location: 2F
0-2: Foul Ball, location: 2F
0-2: Strikes out swinging
Bottom of the 6th over - 0 runs, 0 hits, 0 errors, 0 left on base; Pennsylvania State University 0 - Washington State University 3
TOP OF THE 7TH
Pennsylvania State University Nittany Lions batting - Pitching for Washington State University Cougars : RHP Briruc Fenuku
Pitching: RHP Makoto Moriwaki
Pinch Hitting: RHB Nick Kemmerling 0-0: Called Strike
0-1: Called Strike
0-2: Ball
1-2: Ball
2-2: Ball
3-2: SINGLE (Groundball, 56D, EV 103.1 MPH)
Pinch Hitting: RHB Rob Hinojosa 0-0: Called Strike
0-1: Ball
1-1: Foul Ball, location: 2F
1-2: Strikes out swinging
Pinch Hitting: RHB Frank Holdener 0-0: Called Strike
0-1: Fly out, F2 (Popup, 3SF, EV 80.6 MPH)
Batting: SHB Antonio Moreno 0-0: Ball
1-0: Called Strike
1-1: Ball
Wild Pitch!
Nick Kemmerling to second
2-1: Called Strike
2-2: Ball
3-2: Foul Ball, location: 2F
3-2: Strikes out swinging
Top of the 7th over - 0 runs, 1 hit, 0 errors, 1 left on base; Pennsylvania State University 0 - Washington State University 3
BOTTOM OF THE 7TH
Washington State University Cougars batting - Pitching for Pennsylvania State University Nittany Lions : RHP Tom Palmer
Pitching: LHP John McDonald
Now at 3B: Nick Kemmerling
Now at SS: Frank Holdener
Now in RF: Rob Hinojosa
Batting: SHB Juan Delanoval 0-0: Ball
1-0: Swinging Strike
1-1: Called Strike
1-2: Strikes out swinging
Batting: LHB Tony Brea 0-0: Called Strike
0-1: Ball
1-1: Fly out, F8 (Line Drive, 78D, EV 98.1 MPH)
Batting: RHB Ryan Toth 0-0: Ground out 1-3 (Groundball, 13, EV 68.8 MPH)
Bottom of the 7th over - 0 runs, 0 hits, 0 errors, 0 left on base; Pennsylvania State University 0 - Washington State University 3
TOP OF THE 8TH
Pennsylvania State University Nittany Lions batting - Pitching for Washington State University Cougars : RHP Makoto Moriwaki
Pitching: RHP Manuel Santiago
Batting: RHB Mark Rose 0-0: Called Strike
0-1: Ground out 5-3 (Groundball, 5, EV 79.4 MPH)
Batting: RHB Pete Martin 0-0: Ball
1-0: Ball
2-0: Called Strike
2-1: Ball
3-1: Called Strike
3-2: Foul Ball, location: 2F
3-2: Foul Ball, location: 2F
3-2: Fly out, F8 (Flyball, 78D, EV 96.2 MPH)
Batting: LHB Ricky Lanzo 0-0: Ball
1-0: Ball
2-0: Called Strike
2-1: DOUBLE (Line Drive, 5D, EV 95.6 MPH)
Batting: RHB Kevin Claus 0-0: Foul Ball, location: 2F
0-1: Ball
1-1: Ball
2-1: Ball
3-1: Swinging Strike
3-2: Strikes out swinging
Top of the 8th over - 0 runs, 1 hit, 0 errors, 1 left on base; Pennsylvania State University 0 - Washington State University 3
BOTTOM OF THE 8TH
Washington State University Cougars batting - Pitching for Pennsylvania State University Nittany Lions : LHP John McDonald
Batting: RHB Mas Langat 0-0: Ball
1-0: Ball
2-0: Fly out, F8 (Flyball, 8LM, EV 90.0 MPH)
Batting: RHB Rafael Collyer 0-0: Ball
1-0: Called Strike
1-1: Called Strike
1-2: Foul Ball, location: 2F
1-2: Ball
2-2: Ball
3-2: Foul Ball, location: 2F
3-2: Base on Balls
Pinch Hitting: LHB Israel Ariza 0-0: Ball
1-0: SINGLE (Groundball, 34, EV 103.8 MPH)
Rafael Collyer to second
Runner from 2nd tries for 3rd, SAFE, throw by RF made to third
Pitching: LHP Jeremy Bravo
Batting: RHB Miguel Paredes 0-0: Called Strike
0-1: Ball
1-1: Ball
2-1: Called Strike
2-2: Strikes out swinging
Batting: RHB Joe Weber 0-0: Called Strike
0-1: Fly out, F8 (Line Drive, 8LM, EV 86.2 MPH)
Bottom of the 8th over - 0 runs, 1 hit, 0 errors, 2 left on base; Pennsylvania State University 0 - Washington State University 3
TOP OF THE 9TH
Pennsylvania State University Nittany Lions batting - Pitching for Washington State University Cougars : RHP Manuel Santiago
Pitching: RHP D.J. Sletten
Now at 1B: Toyo Ibe
Batting: RHB Jesse Bandt 0-0: Ball
1-0: Foul Ball, location: 2F
1-1: Foul Ball, location: 2F
1-2: Foul Ball, location: 2F
1-2: Ball
2-2: Ball
3-2: Ground out 6-3 (Groundball, 6, EV 84.4 MPH)
Pinch Hitting: LHB Dan Lape 0-0: Foul Ball, location: 2F
0-1: Ball
1-1: Foul Ball, location: 2F
1-2: Ground out 3-1 (Groundball, 34S, EV 66.2 MPH)
Batting: RHB Rob Hinojosa 0-0: Foul Ball, location: 2F
0-1: Foul Ball, location: 2F
0-2: Foul Ball, location: 2F
0-2: Strikes out looking
Top of the 9th over - 0 runs, 0 hits, 0 errors, 0 left on base; Pennsylvania State University 0 - Washington State University 3
Sunday, July 16th , 2023 - OOTP Baseball 24.6 Build 69